[Event "World Junior U20 Open 2018"]
[Site "Gebze"]
[Date "2018.09.07"]
[Round "3.34"]
[White "Garidmagnai, Byambasuren"]
[Black "Barseghyan, Harutyun"]
[Result "1/2-1/2"]
[ECO "A32"]
[WhiteElo "2287"]
[BlackElo "2466"]
[Annotator "ChessBase"]
[PlyCount "128"]
[EventDate "2018.09.05"]
[EventType "swiss"]
[EventCountry "TUR"]
[SourceTitle "playchess.com"]
[Source "ChessBase"]
[SourceQuality "1"]
[TimeControl "40/5400+30:1800+30"]

1. d4 Nf6 2. c4 e6 3. Nf3 c5 4. Nc3 cxd4 5. Nxd4 a6 6. a3 b6 7. e4 d6 8. Be2 Bb7 9. f3 Be7 10. O-O O-O 11. Be3 Qc7 12. Rc1 Nbd7 13. Qe1 Rfc8 14. Qf2 Qd8 15. Nb3 Rab8 16. Rfd1 Ba8 17. Kh1 Ne5 18. Nd2 Nfd7 19. b4 Qf8 20. Na4 b5 21. cxb5 axb5 22. Nc3 Nc4 23. Nxb5 Nxe3 24. Qxe3 Qd8 25. Nb3 Rxc1 26. Qxc1 d5 27. Qc7 Qe8 28. Nd6 Qd8 29. Nb5 Qe8 30. exd5 Bxd5 31. N3d4 Rc8 32. Qg3 Qf8 33. Nf5 exf5 34. Rxd5 Nf6 35. Rd1 g6 36. Qe5 Nh5 37. f4 Bf6 38. Qe3 Re8 39. Qf2 Nxf4 40. Bc4 Ne6 41. Bxe6 Rxe6 42. Nc7 Re4 43. Nd5 Be5 44. a4 Qh6 45. g3 Qh5 46. Rd2 Qg4 47. Kg2 h5 48. Qf3 Qg5 49. Re2 h4 50. Rxe4 fxe4 51. Qxe4 hxg3 52. hxg3 Qxg3+ 53. Kf1 f5 54. Qe3 Qh2 55. Qf3 Qa2 56. a5 Kg7 57. Qd3 Qa1+ 58. Ke2 Qa2+ 59. Ke3 Qa1 60. Qd2 g5 61. Ke2 f4 62. Kf3 Qh1+ 63. Kg4 Qe4 64. Nc3 Kg6 1/2-1/2

[Event "World Junior U20 Open 2018"]
[Site "Gebze"]
[Date "2018.09.07"]
[Round "3.42"]
[White "Secheres, Adrian-Simion"]
[Black "Zhao, Chenxi"]
[Result "1/2-1/2"]
[ECO "B00"]
[WhiteElo "2408"]
[BlackElo "2275"]
[Annotator "ChessBase"]
[PlyCount "109"]
[EventDate "2018.09.05"]
[EventType "swiss"]
[EventCountry "TUR"]
[SourceTitle "playchess.com"]
[Source "ChessBase"]
[SourceQuality "1"]
[TimeControl "40/5400+30:1800+30"]

1. d4 b6 2. e4 Bb7 3. Bd3 Nf6 4. Nd2 d6 5. Ngf3 g6 6. O-O Bg7 7. Qe2 O-O 8. Rd1 Nc6 9. c3 e5 10. Nf1 exd4 11. cxd4 Re8 12. Bg5 h6 13. Bxf6 Qxf6 14. Ba6 Bxa6 15. Qxa6 Nb4 16. Qa4 a5 17. a3 Na6 18. Qc6 Qe7 19. Ng3 Ra7 20. Rac1 Nb8 21. Qb5 Qd7 22. Qb3 a4 23. Qd3 c5 24. Rc2 Qb7 25. h4 h5 26. e5 Nc6 27. Ne4 dxe5 28. dxc5 Rb8 29. cxb6 Qxb6 30. Rdc1 Ne7 31. Nfg5 Rd8 32. Qc4 Nf5 33. Nf3 Nd4 34. Nxd4 exd4 35. Qd3 Bh6 36. Rd1 Bg7 37. Rdc1 Bh6 38. Rd1 Bg7 39. Qc4 Re8 40. Ng5 Rae7 41. Nf3 Qb3 42. Rd3 Qxc4 43. Rxc4 Re2 44. Rb4 Rc8 45. Rxa4 Rxb2 46. Rb4 Rc1+ 47. Kh2 Rxf2 48. Rb8+ Kh7 49. Rb7 Rc3 50. Ng5+ Kh6 51. Kg1 Rxd3 52. Kxf2 Rxa3 53. Nxf7+ Kh7 54. Ng5+ Kh6 55. Nf7+ 1/2-1/2

[Event "World Junior U20 Open 2018"]
[Site "Gebze"]
[Date "2018.09.07"]
[Round "3.43"]
[White "Samani, Yamac"]
[Black "Lagunow, Raphael"]
[Result "0-1"]
[ECO "B70"]
[WhiteElo "2226"]
[BlackElo "2403"]
[Annotator "ChessBase"]
[PlyCount "130"]
[EventDate "2018.09.05"]
[EventType "swiss"]
[EventCountry "TUR"]
[SourceTitle "playchess.com"]
[Source "ChessBase"]
[SourceQuality "1"]
[TimeControl "40/5400+30:1800+30"]

1. e4 c5 2. Nf3 Nc6 3. Nc3 g6 4. d4 cxd4 5. Nxd4 Bg7 6. Nde2 Nf6 7. g3 O-O 8. Bg2 d6 9. O-O Rb8 10. a4 a6 11. h3 Nd7 12. Be3 b5 13. axb5 axb5 14. Nd4 Bxd4 15. Bxd4 b4 16. Ne2 Nxd4 17. Nxd4 Qb6 18. Qd2 Ba6 19. Rfe1 Rfc8 20. Rad1 Rc7 21. Qg5 Ne5 22. Kh2 Re8 23. f4 Nc4 24. b3 Rc5 25. Qg4 Bc8 26. Qe2 Na3 27. e5 dxe5 28. fxe5 Ba6 29. Qe4 Qc7 30. Rd2 Rc8 31. Qh4 Rd8 32. Rf2 h5 33. Qf4 e6 34. Nc6 Rd7 35. Nxb4 Bb7 36. Bxb7 Qxb7 37. Qe4 Qa7 38. Ref1 Rc3 39. Nc6 Qc5 40. Qb4 Qxc6 41. Qxa3 h4 42. gxh4 Qe4 43. Qa4 Qxe5+ 44. Qf4 Qxf4+ 45. Rxf4 Rxc2+ 46. Kg3 Rb2 47. R1f3 Rb7 48. h5 gxh5 49. Kh4 f5 50. Rg3+ Kf7 51. Kxh5 R2xb3 52. Rff3 Rxf3 53. Rxf3 Kf6 54. Kh4 Rb4+ 55. Kg3 Kg5 56. Ra3 e5 57. Rc3 f4+ 58. Kf3 e4+ 59. Kf2 Kh4 60. Kf1 Rb1+ 61. Kf2 Rb2+ 62. Kf1 e3 63. Rc8 Kg3 64. Rg8+ Kf3 65. Kg1 e2 0-1

[Event "World Junior U20 Open 2018"]
[Site "Gebze"]
[Date "2018.09.07"]
[Round "3.45"]
[White "Ozer, Omer Faruk"]
[Black "Nalbant, Tuna Onat"]
[Result "1-0"]
[ECO "B92"]
[WhiteElo "2388"]
[BlackElo "2241"]
[Annotator "NA"]
[PlyCount "99"]
[EventDate "2018.09.05"]
[EventType "swiss"]
[EventCountry "TUR"]
[SourceTitle "playchess.com"]
[Source "ChessBase"]
[SourceQuality "1"]
[TimeControl "40/5400+30:1800+30"]

1. e4 c5 2. Nf3 d6 3. d4 cxd4 4. Nxd4 Nf6 5. Nc3 a6 6. Be2 e5 7. Nb3 Be6 8. f4 Nbd7 9. f5 Bxb3 10. axb3 Qb6 11. Bc4 Be7 12. Qe2 ({Ein No Go ist} 12. Nd5 $6 Nxd5 13. Qxd5 O-O $11) 12... Rd8 13. Be3 Qc7 14. Rd1 b5 15. Nd5 Nxd5 16. Bxd5 O-O 17. O-O Rc8 18. c3 $16 Nf6 19. Kh1 Qd8 20. Rf3 Nxd5 21. Rxd5 Bg5 22. Bf2 g6 23. Rfd3 Rc6 24. Bc5 Re8 25. Ba3 Bf4 26. g3 Bg5 27. Qf3 gxf5 28. Rxd6 Rxd6 29. Rxd6 Qc8 30. exf5 Be7 31. Rc6 Qd7 32. Bxe7 Qxe7 33. f6 Qf8 34. Qe4 Qh6 35. Rd6 Qg5 36. Kg2 h6 37. h4 Qh5 38. Rd7 Rf8 39. Rd5 Re8 40. Rd7 Rf8 41. Re7 Qg6 42. Qxg6+ fxg6 43. Rg7+ Kh8 44. Rxg6 Kh7 45. h5 a5 46. Kf3 a4 47. Ke4 Re8 48. Rg7+ Kh8 49. bxa4 bxa4 50. f7 1-0

[Event "World Junior U20 Open 2018"]
[Site "Gebze"]
[Date "2018.09.07"]
[Round "3.46"]
[White "Can, Melih Kaan"]
[Black "Agmanov, Zhandos"]
[Result "0-1"]
[ECO "A47"]
[WhiteElo "2195"]
[BlackElo "2379"]
[Annotator "NA"]
[PlyCount "82"]
[EventDate "2018.09.05"]
[EventType "swiss"]
[EventCountry "TUR"]
[SourceTitle "playchess.com"]
[Source "ChessBase"]
[SourceQuality "1"]
[TimeControl "40/5400+30:1800+30"]

1. d4 Nf6 2. Nf3 e6 3. Bf4 b6 4. e3 Bb7 5. Nbd2 Be7 6. h3 c5 7. c3 O-O 8. Bd3 d6 9. Qe2 Nc6 10. O-O Re8 11. e4 Nh5 12. Bh2 g6 13. a3 Bf8 14. e5 cxd4 15. cxd4 dxe5 16. dxe5 Nd4 17. Nxd4 Qxd4 18. Be4 $11 Rad8 19. Rfd1 Bh6 20. Bxb7 Bxd2 21. b4 Qc3 22. Qa6 Nf4 23. Bxf4 Bxf4 24. Qxa7 Qc7 25. Qa6 Bxe5 26. Rac1 Bf4 27. Rb1 Be5 28. Bf3 Bd4 29. Rbc1 Qf4 30. Qb7 e5 31. Qe4 Qxe4 32. Bxe4 Bb2 33. Rxd8 Rxd8 34. Rc6 Bxa3 35. Rxb6 Rd4 36. Bc2 Bxb4 37. Rb7 Bc5 38. Rc7 Rc4 39. Rxf7 Rxc2 40. Rf3 e4 41. Rf6 Kg7 0-1

[Event "World Junior U20 Open 2018"]
[Site "Gebze"]
[Date "2018.09.07"]
[Round "3.47"]
[White "Piyumantha, M Sasith Nipun"]
[Black "Miciano, John Marvin"]
[Result "1/2-1/2"]
[ECO "E90"]
[WhiteElo "2139"]
[BlackElo "2374"]
[Annotator "NA"]
[PlyCount "95"]
[EventDate "2018.09.05"]
[EventType "swiss"]
[EventCountry "TUR"]
[SourceTitle "playchess.com"]
[Source "ChessBase"]
[SourceQuality "1"]
[TimeControl "40/5400+30:1800+30"]

1. d4 g6 2. c4 Bg7 3. Nf3 Nf6 4. Nc3 O-O 5. e4 d6 6. h3 a6 7. Be3 c6 8. Bd3 b5 {[%emt 0:00:30] E90: King's Indian: Classical: Early deviations and 6 h3} 9. O-O Nbd7 10. a4 $146 ({Predecessor:} 10. Rc1 e5 11. d5 bxc4 12. Bxc4 c5 13. a3 Nb6 14. Be2 Nh5 15. Re1 a5 16. b4 axb4 17. axb4 cxb4 {0-1 (37) Zhang,Z (2361)-Stupak,K (2556) Qinhuangdao 2018}) 10... b4 11. Ne2 c5 12. d5 a5 13. Rb1 Qc7 14. Qd2 Re8 15. Bh6 Ne5 16. Nxe5 dxe5 17. Bxg7 Kxg7 18. f4 exf4 19. Rxf4 Qe5 20. Rbf1 Kh8 21. Qe3 Ba6 22. b3 ({But not} 22. Qxc5 $6 Rac8 $11) 22... Rac8 23. Bc2 Kg8 24. Nc1 Nd7 25. Nd3 Qc3 26. R4f2 Ne5 27. Qe1 Qxe1 $1 28. Rxe1 f6 29. Nxe5 fxe5 $11 30. Ref1 Rf8 31. Rxf8+ Rxf8 32. Rxf8+ Kxf8 33. Kf2 Kg7 34. g4 Bc8 35. Kg3 g5 36. Bd1 Kf6 37. Be2 h6 38. Bd1 Bd7 39. Kf3 h5 40. Kg3 h4+ 41. Kf3 Kf7 42. Ke3 Ke8 43. Kd3 Kd8 44. Ke3 Kc7 45. Kd3 Kd6 46. Ke3 e6 47. dxe6 Bxe6 48. Kd3 1/2-1/2

[Event "World Junior U20 Open 2018"]
[Site "Gebze"]
[Date "2018.09.07"]
[Round "3.48"]
[White "Nyambileg, Erdene-Ochir"]
[Black "Krishna Teja, N."]
[Result "1/2-1/2"]
[ECO "E73"]
[WhiteElo "1798"]
[BlackElo "2356"]
[Annotator "NA"]
[PlyCount "88"]
[EventDate "2018.09.05"]
[EventType "swiss"]
[EventCountry "TUR"]
[SourceTitle "playchess.com"]
[Source "ChessBase"]
[SourceQuality "1"]
[TimeControl "40/5400+30:1800+30"]

1. d4 Nf6 2. c4 g6 3. Nc3 Bg7 4. e4 d6 5. Be2 O-O 6. Be3 {[%emt 0:00:00] LiveBook: 737 Games} c6 7. g4 {[%emt 0:00:00] E73: King's Indian: Averbakh Variation without 6...c5} (7. Nf3 e5 8. dxe5 dxe5 9. O-O Qe7 10. h3 Na6 11. Qc2 Nh5 12. Rfd1 Nf4 13. Bf1 Nc5 14. b4 Nce6 15. c5 a5 16. b5 Qf6 17. bxc6 bxc6 18. Rd6 Nxh3+ {1-0 (40) Carlsen,M (2832)-Guseinov,G (2645) chess.com INT 2017}) 7... Qa5 8. f3 e5 9. d5 c5 10. Qd2 Ne8 $146 ({Predecessor:} 10... a6 11. Bh6 Qd8 12. h4 Ne8 13. Bxg7 Nxg7 14. O-O-O h5 {0-1 (54) Jeszenszky,J-Illes,A (2111) Hungary 2010}) 11. Nh3 f6 (11... Nd7 $16 12. O-O Qd8) 12. Nf2 Na6 13. h4 Rf7 14. f4 exf4 15. Bxf4 Nb8 16. Nd3 Nd7 17. g5 Ne5 $2 (17... Nb6 $15 18. Nf2 fxg5 19. Bxg5 Qb4) 18. Nxe5 fxe5 19. Bg3 Bd7 20. Nd1 Qxd2+ 21. Kxd2 h5 22. Nc3 Nc7 23. a3 $16 b6 24. b4 Na6 25. Rab1 Rc8 26. Nb5 Bxb5 27. cxb5 Nb8 28. Rhc1 Rfc7 29. Bf1 cxb4 30. Rxc7 Rxc7 31. axb4 Kf8 32. Bh3 Ke8 33. Be6 Nd7 34. Bf2 Nf8 35. Bh3 Nd7 36. Kd3 Nf8 37. Ra1 Nd7 38. Be3 Bf8 39. Be6 Bg7 40. Ra6 Rb7 41. Kc4 Rc7+ 42. Kb3 Rb7 43. Ra2 Rc7 44. Rf2 Nf8 1/2-1/2

[Event "World Junior U20 Open 2018"]
[Site "Gebze"]
[Date "2018.09.07"]
[Round "3.49"]
[White "Schekachikhin, Maksim"]
[Black "Karaoglan, Doruk"]
[Result "1-0"]
[ECO "E94"]
[WhiteElo "2356"]
[BlackElo "2196"]
[Annotator "NA"]
[PlyCount "100"]
[EventDate "2018.09.05"]
[EventType "swiss"]
[EventCountry "TUR"]
[SourceTitle "playchess.com"]
[Source "ChessBase"]
[SourceQuality "1"]
[TimeControl "40/5400+30:1800+30"]

1. d4 Nf6 2. c4 g6 3. Nc3 Bg7 4. e4 d6 5. Be2 O-O 6. Nf3 e5 7. O-O exd4 8. Nxd4 Re8 9. f3 Nc6 10. Be3 Nh5 11. Qd2 Nxd4 12. Bxd4 Nf4 13. Rf2 {[%emt 0:03:30] E94: King's Indian: Classical: 6 Be2 e5 7 0-0: Various Black 7th moves} Bxd4 14. Qxd4 Qg5 15. Nd5 Nxd5 16. cxd5 f5 $146 ({Predecessor:} 16... Bd7 17. Bf1 a6 18. Rc2 Rec8 19. a4 c5 20. dxc6 Rxc6 21. Rxc6 Bxc6 {½-½ (46) Arizmendi Martinez,J (2528)-Dimitrov,A (2345) Belgrade 2009}) 17. Bb5 Re7 18. f4 Qh6 19. e5 Qg7 20. Re1 a6 21. Ba4 b5 22. Bb3 Bb7 23. Rfe2 Rae8 24. a4 bxa4 25. Bxa4 Rd8 26. Qc4 Kh8 27. e6 Rb8 28. Bd7 Rg8 $18 29. Rd2 Bc8 30. Bxc8 Rxc8 31. Qxa6 Rb8 32. Qa7 Rb4 33. g3 h6 34. Qa3 Rb5 35. Rc1 Kh7 36. Rc4 Kg8 37. b4 Qf8 38. Qc3 Qg7 39. Qc1 g5 40. Qc2 Qh7 41. Qd3 Rb8 42. Ra2 g4 43. Ra7 h5 44. Qc2 Rc8 45. b5 c5 46. Rxe7 Qxe7 47. Qxf5 Qa7 48. e7 Qa1+ 49. Kg2 Ra8 50. Qg6+ Kh8 1-0

[Event "World Junior U20 Open 2018"]
[Site "Gebze"]
[Date "2018.09.07"]
[Round "3.50"]
[White "Akin, Kadir"]
[Black "Arcuti, Davide"]
[Result "1/2-1/2"]
[ECO "C56"]
[WhiteElo "1974"]
[BlackElo "2356"]
[Annotator "NA"]
[PlyCount "89"]
[EventDate "2018.09.05"]
[EventType "swiss"]
[EventCountry "TUR"]
[SourceTitle "playchess.com"]
[Source "ChessBase"]
[SourceQuality "1"]
[TimeControl "40/5400+30:1800+30"]

1. e4 e5 2. Nf3 Nc6 3. d4 exd4 4. Bc4 Nf6 5. O-O Nxe4 6. Re1 d5 7. Bxd5 Qxd5 8. Nc3 Qd7 {[%emt 0:00:00] C56: Two Knights: 4 d4 exd4 5 0-0 Nxe4} (8... Qh5 9. Nxe4 Be6 10. Bg5 Bd6 11. Nxd6+ cxd6 12. Bf4 Qd5 13. c3 O-O 14. Nxd4 Nxd4 15. Qxd4 Qxd4 16. cxd4 d5 17. Rac1 Rfc8 18. Rxc8+ Rxc8 19. Rc1 Rxc1+ 20. Bxc1 f6 21. Bf4 a6 22. a3 Bd7 23. Bd2 Bc6 24. Bc3 Bd7 25. Bd2 Bc6 26. Bc3 Bd7 27. Bd2 {½-½ (27) Wei,Y (2743)-Wen,Y (2605) Shenzhen 2017}) 9. Rxe4+ Be7 10. Nb5 O-O 11. Bf4 Bd8 12. Nbxd4 Bf6 13. c3 Nxd4 14. Nxd4 c5 $146 ({Predecessor:} 14... b6 15. Nf3 Qf5 16. Qd3 {0-1 (29) Petersson,B (2074)-Ruecker,B (2275) Stockholm 2017}) 15. Nf3 Qxd1+ 16. Rxd1 Be6 17. a3 Rfd8 18. Ree1 h6 19. Ne5 Rxd1 20. Rxd1 Re8 21. Nf3 b5 22. Be3 Rc8 $11 23. Rd6 a5 24. Rb6 b4 25. axb4 axb4 26. Rb5 Be7 27. h3 b3 28. Nd2 c4 29. Ra5 Kf8 30. Kf1 Ke8 31. Ke2 Kd7 32. Bd4 g6 33. Ne4 Bf5 34. Ke3 Bg5+ 35. Nxg5 hxg5 36. Ra7+ Ke8 37. Bf6 g4 38. h4 Rc6 39. Bd4 Re6+ 40. Kd2 Be4 41. g3 Bd3 42. Be3 Rd6 43. Bd4 Re6 44. Be3 Rd6 45. Bd4 1/2-1/2

[Event "World Junior U20 Open 2018"]
[Site "Gebze"]
[Date "2018.09.07"]
[Round "3.51"]
[White "Sawlin, Leonid"]
[Black "Tarlabasi, Emirhan"]
[Result "0-1"]
[ECO "C17"]
[WhiteElo "2355"]
[BlackElo "2193"]
[Annotator "NA"]
[PlyCount "112"]
[EventDate "2018.09.05"]
[EventType "swiss"]
[EventCountry "TUR"]
[SourceTitle "playchess.com"]
[Source "ChessBase"]
[SourceQuality "1"]
[TimeControl "40/5400+30:1800+30"]

1. e4 e6 2. d4 d5 3. Nc3 Bb4 4. e5 c5 5. Bd2 Ne7 6. Nb5 Bxd2+ 7. Qxd2 O-O 8. c3 b6 9. Nf3 {[%emt 0:00:30] C17: French: 3 Nc3 Bb4 4 e5 c5 sidelines} Ba6 10. Be2 (10. a4 Nbc6 11. b4 Nf5 12. Bd3 Nh4 13. Nxh4 Qxh4 14. O-O cxd4 {0-1 (26) Stocek,J (2546)-Vallejo Pons,F (2711) Tallinn 2016}) 10... Qd7 11. a4 Nbc6 12. b4 cxb4 13. cxb4 Bb7 $146 ({Predecessor:} 13... f6 14. O-O fxe5 15. Nxe5 Nxe5 16. dxe5 Bxb5 17. Bxb5 {0-1 (32) Sidorov,A (2370)-Poliakov,A (2268) St Petersburg 2001}) 14. a5 bxa5 $1 15. bxa5 Ba6 16. O-O Rab8 17. Rfb1 Rb7 18. Nc3 Bxe2 19. Rxb7 Qxb7 20. Qxe2 Qb4 21. Qd3 Nxa5 22. Ng5 Ng6 $17 23. h4 Qc4 24. Qxc4 Nxc4 25. Rxa7 Nxh4 26. g3 Nf5 27. Nf3 h5 28. Ne2 g6 29. Ng5 Nd2 30. Rb7 Ne4 31. Nxe4 dxe4 32. Rd7 Rc8 33. d5 exd5 34. Rxd5 e3 35. fxe3 Nxe3 36. Rd3 Ng4 37. e6 fxe6 38. Rd7 e5 39. Kg2 Rc2 40. Kf1 g5 41. Ng1 e4 42. Rd4 Nh2+ 43. Ke1 Rc1+ 44. Kf2 e3+ 45. Kxe3 Rxg1 46. Kf2 Ra1 47. Rd5 Ra2+ 48. Ke3 Ra3+ 49. Kf2 Ng4+ 50. Ke2 Kh7 51. Rxg5 Kh6 52. Rg8 Rxg3 53. Rh8+ Kg5 54. Rg8+ Kh4 55. Rh8 Re3+ 56. Kf1 Kg3 0-1

[Event "World Junior U20 Open 2018"]
[Site "Gebze"]
[Date "2018.09.07"]
[Round "3.52"]
[White "Galperin, Platon"]
[Black "Gulden, Egemen"]
[Result "1-0"]
[ECO "E15"]
[WhiteElo "2348"]
[BlackElo "2068"]
[Annotator "NA"]
[PlyCount "63"]
[EventDate "2018.09.05"]
[EventType "swiss"]
[EventCountry "TUR"]
[SourceTitle "playchess.com"]
[Source "ChessBase"]
[SourceQuality "1"]
[TimeControl "40/5400+30:1800+30"]

1. d4 Nf6 2. c4 e6 3. Nf3 b6 4. g3 Ba6 5. b3 Bb4+ 6. Bd2 Be7 7. Bg2 c6 8. Bc3 d5 9. Ne5 Ne4 {[%emt 0:04:30] E15: Queen's Indian: 4 g3 sidelines, 4 g3 Ba6 and 4 g3 Bb7 early deviations} (9... Nfd7 10. Nd3 dxc4 11. Nb4 cxb3 12. Nxa6 Nxa6 13. O-O Nb4 14. Qxb3 Nd5 15. Bb2 O-O 16. e4 N5f6 17. Nd2 {0-1 (47) Korobov,A (2695)-Zhigalko,S (2639) Dubai 2017}) 10. Bxe4 dxe4 11. Nd2 f6 12. Ng4 Bb7 $146 ({Predecessor:} 12... Nd7 13. Ne3 Bb7 14. Nxe4 O-O 15. f3 f5 16. Nf2 Qc7 17. Qc2 {1-0 (52) Kelecevic,N (2359)-Vezzosi,P (2298) Switzerland 2008}) 13. c5 f5 14. Ne3 bxc5 15. dxc5 Bxc5 16. Bxg7 Rg8 17. Bc3 Bxe3 18. fxe3 Ba6 19. Qc2 Nd7 20. Bb2 Qc7 21. Nc4 Bxc4 22. Qxc4 Rg6 23. O-O-O h5 24. Rd2 Nb6 25. Qc3 Rh6 {[%emt 0:02:30] [#]} 26. Rhd1 $1 Nd5 {[%emt 0:03:30] [#]} 27. Rxd5 $1 exd5 $18 (27... Rd8 $2 ) 28. Rxd5 $18 Rd8 (28... Rh7 29. Re5+ (29. Rxf5 O-O-O $16) 29... Kd7) 29. Re5+ Kd7 30. Re7+ Kxe7 31. Qg7+ Kd6 32. Be5+ 1-0

[Event "World Junior U20 Open 2018"]
[Site "Gebze"]
[Date "2018.09.07"]
[Round "3.53"]
[White "Ozen, Bahadir"]
[Black "Aydincelebi, Kagan"]
[Result "1-0"]
[ECO "A40"]
[WhiteElo "2326"]
[BlackElo "2060"]
[Annotator "NA"]
[PlyCount "159"]
[EventDate "2018.09.05"]
[EventType "swiss"]
[EventCountry "TUR"]
[SourceTitle "playchess.com"]
[Source "ChessBase"]
[SourceQuality "1"]
[TimeControl "40/5400+30:1800+30"]

1. g3 c5 2. Bg2 g6 3. c3 Bg7 4. d4 Qc7 5. d5 d6 6. e4 Nf6 7. Ne2 O-O 8. O-O Nbd7 9. c4 a6 10. a4 Rb8 11. Nbc3 e6 12. dxe6 fxe6 13. f4 Nb6 14. b3 Bd7 15. h3 Bc6 16. Be3 Rfd8 17. Qc2 Nbd7 18. g4 Kh8 19. Rad1 Nf8 $16 20. Ng3 h6 21. Rd3 e5 22. f5 g5 23. Rfd1 N8h7 24. Qd2 Qa5 25. Na2 Qxd2 26. R3xd2 Rdc8 27. Rxd6 Bf8 28. Re6 Rd8 29. Re1 Bd7 30. Rb6 Bc6 31. Nc1 Nd7 32. Rxc6 bxc6 33. a5 Ndf6 34. Bf3 Rd7 35. Kf1 Be7 36. Rd1 Rbd8 37. Ke1 Nf8 38. Bd2 Rb8 39. Ke2 Rbd8 40. Ke3 Rd6 41. Be2 Rb8 42. Bd3 Rd7 43. Bc3 Bd6 44. Bc2 Bc7 45. Nd3 Rbd8 46. Ra1 Re7 47. Nxc5 Ra8 48. b4 Bd6 49. Nd3 N8d7 50. c5 Bc7 51. Ba4 Nb8 52. Nb2 Ra7 53. Nc4 Kg7 54. Rd1 Kf7 55. Kf3 Kg7 56. Nh1 Nfd7 57. Ng3 Nf6 58. Rh1 Rd7 59. Bc2 Re7 60. h4 gxh4 61. Rxh4 Nh7 62. Ba4 Ng5+ 63. Ke3 Nf7 64. Nh5+ Kh7 65. Rh1 Bd8 66. Rd1 Re8 67. Ke2 Bg5 68. Ng3 Rc7 69. Nh1 Nd7 70. Rxd7 Rxd7 71. Bxc6 Rde7 72. Bxe8 Rxe8 73. Nf2 Bf6 74. Nd3 Ng5 75. Nd6 Re7 76. Ke3 Kg8 77. b5 axb5 78. Nb4 Rc7 79. c6 Be7 80. Bxe5 1-0

[Event "World Junior U20 Open 2018"]
[Site "Gebze"]
[Date "2018.09.07"]
[Round "3.54"]
[White "Nurgaliyev, Sauat"]
[Black "Shailesh, Dravid"]
[Result "0-1"]
[ECO "E62"]
[WhiteElo "1685"]
[BlackElo "2325"]
[Annotator "NA"]
[PlyCount "64"]
[EventDate "2018.09.05"]
[EventType "swiss"]
[EventCountry "TUR"]
[SourceTitle "playchess.com"]
[Source "ChessBase"]
[SourceQuality "1"]
[TimeControl "40/5400+30:1800+30"]

1. Nf3 Nf6 2. d4 g6 3. g3 Bg7 4. Bg2 O-O 5. O-O d6 6. c4 Nc6 7. Nc3 Bf5 8. Nh4 Bd7 9. e4 e5 10. d5 Nd4 11. f4 Bg4 12. Qd3 Nd7 13. Be3 Nc5 (13... c5 $11 {keeps the balance.}) 14. Qd2 f5 15. h3 Bh5 16. exf5 gxf5 17. fxe5 dxe5 18. Bxd4 $16 exd4 19. Nb5 f4 20. Rxf4 Bh6 21. Rxf8+ Qxf8 22. Qxd4 Re8 23. Kh2 Be3 24. Qc3 Bf2 25. g4 Qf4+ 26. Kh1 Re3 27. Qc2 Ne4 28. Nf5 Bxg4 29. hxg4 Ng3+ 30. Nxg3 Qxg3 31. d6 Qh4+ 32. Bh3 Qxh3# 0-1

[Event "World Junior U20 Open 2018"]
[Site "Gebze"]
[Date "2018.09.07"]
[Round "3.56"]
[White "Huber, Martin Christian"]
[Black "Liyanage, Ranindu Dilshan"]
[Result "0-1"]
[ECO "D31"]
[WhiteElo "2390"]
[BlackElo "1989"]
[Annotator "NA"]
[PlyCount "84"]
[EventDate "2018.09.05"]
[EventType "swiss"]
[EventCountry "TUR"]
[SourceTitle "playchess.com"]
[Source "ChessBase"]
[SourceQuality "1"]
[TimeControl "40/5400+30:1800+30"]

1. d4 d5 2. c4 e6 3. Nc3 a6 4. cxd5 exd5 5. Bf4 {[%emt 0:00:00] D31: Queen's Gambit Declined: Semi-Slav without ...Nf6 (+ Marshall Gambit and Noteboom) and Exchange Variation lines without ...Nf6} Nf6 6. e3 Bd6 7. Bg5 c6 8. Bd3 O-O 9. Qc2 h6 10. Bh4 Re8 $146 ({Predecessor:} 10... Be6 11. Nge2 Re8 12. O-O-O Nbd7 {1-0 (48) Salem,A (2656)-Vitiugov,N (2726) Doha 2016}) 11. Nf3 Bg4 12. O-O-O Nbd7 13. Kb1 Qa5 14. h3 Be6 15. Bxf6 Nxf6 16. g4 c5 17. dxc5 Bxc5 18. g5 hxg5 19. Nxg5 $11 Bb4 20. Ne2 Rac8 21. Qb3 Bd7 22. a3 Be7 23. Rc1 Ba4 24. Qa2 Qd2 25. Nf4 Qxf2 26. Rcf1 Bc2+ 27. Ka1 Qxe3 28. Rf3 Qd2 29. Bxc2 Rxc2 30. Qb3 Rc1+ 31. Rxc1 Qxc1+ 32. Ka2 Qc4 33. h4 Bd6 34. Ng2 Re2 35. Ne3 Qxb3+ 36. Kxb3 Ne4 37. Nxe4 dxe4 38. Rh3 Be5 39. Nc4 Bd4 40. Nd6 b5 41. Kb4 Rxb2+ 42. Ka5 e3 0-1

[Event "World Junior U20 Open 2018"]
[Site "Gebze"]
[Date "2018.09.07"]
[Round "3.58"]
[White "Wong, Yinn Long"]
[Black "Zarubitski, Viachaslau"]
[Result "1-0"]
[ECO "B24"]
[WhiteElo "2261"]
[BlackElo "2425"]
[Annotator "NA"]
[PlyCount "148"]
[EventDate "2018.09.05"]
[EventType "swiss"]
[EventCountry "TUR"]
[SourceTitle "playchess.com"]
[Source "ChessBase"]
[SourceQuality "1"]
[TimeControl "40/5400+30:1800+30"]

1. e4 {[%emt 0:00:30] Babula,V} c5 2. Nc3 Nc6 3. Nge2 g6 4. g3 Bg7 5. Bg2 e6 6. d3 Nge7 7. Bg5 h6 {[%emt 0:00:30] B24: Closed Sicilian: 3 g3 sidelines} 8. Be3 Nd4 9. Qd2 Nec6 10. O-O d6 11. a3 $146 ({Predecessor:} 11. Rab1 Rb8 12. a3 a5 13. a4 Nb4 14. Bxd4 cxd4 15. Nb5 Nc6 16. c3 dxc3 17. bxc3 O-O {1-0 (64) Minasian,A (2574)-Petrosian,T (2558) Yerevan 2006 CBM 112 [Babula,V]}) 11... h5 12. h3 Nxe2+ 13. Qxe2 Rb8 14. f4 O-O 15. Qd2 Nd4 16. Rae1 b5 17. Nd1 Qc7 18. c3 Nc6 19. g4 hxg4 20. hxg4 f5 21. exf5 gxf5 22. gxf5 Rxf5 23. Be4 Ne7 24. Bxf5 Nxf5 25. Qh2 Bb7 26. Bf2 Bf6 27. Bg3 Kg7 28. Qh3 Rh8 29. Qg4+ Kf7 30. Kf2 Qc6 31. Rg1 Qd5 32. Ne3 Qxd3 33. Nxf5 exf5 34. Qd1 Qxd1 35. Rxd1 Ke6 36. Ke3 a5 37. Rd2 d5 38. Re1 b4 39. axb4 axb4 40. cxb4 cxb4 41. Kd3+ Kd6 42. Bf2 b3 43. Ra1 Rh3+ 44. Ke2 Rh2 45. Kd3 Rh3+ 46. Ke2 Rh8 47. Ra3 Rb8 48. Bd4 Re8+ 49. Kd1 (49. Kf2 $16 Bxd4+ 50. Rxd4) 49... Bxd4 50. Rxd4 Re4 51. Rxe4 $18 (51. Rxb3 $4 ) 51... fxe4 52. Rxb3 Bc8 53. Kd2 d4 54. Rb8 Bf5 55. Re8 e3+ 56. Ke2 Be6 57. Kd3 $18 Kd5 58. Rf8 Kc5 59. b4+ Kxb4 60. Kxd4 e2 61. Rb8+ Ka5 62. Rb1 Bf5 63. Re1 Bg4 64. Ke5 Kb6 65. Rc1 Bh5 66. f5 Bf7 67. Re1 Bc4 68. f6 Kc7 69. Rxe2 Kd7 70. Re4 Bg8 71. Kf4 Kd6 72. Kg5 Ba2 73. Re1 Bf7 74. Kh6 Kd5 1-0